 Dungeon Crawl Stone Soup version 0.27.1-2-g3b301248ec (webtiles) character file.

Game seed: 4667145825160273122

117112 Atelerd the Eclecticist (level 16, -3/123 HPs)
             Began as an Octopode Venom Mage on Sept 22, 2021.
             Was a High Priest of Sif Muna.
             Killed from afar by a frost giant (41 damage)
             ... with a bolt of cold
             ... on level 1 of the Depths.
             The game lasted 02:22:17 (44167 turns).

Atelerd the Eclecticist (Octopode Venom Mage)      Turns: 44167, Time: 02:22:17

Health: -3/123     AC: 39    Str:  8    XL:     16   Next: 73%
Magic:  10/45      EV: 21    Int: 31    God:    Sif Muna [*****.]
Gold:   2798       SH: 13    Dex: 17    Spells: 2/48 levels left

rFire    . . .     SeeInvis +   L - +1 dagger of the Shore {elec, Dex+4}
rCold    . . .     Faith    .   a - +2 buckler
rNeg     + + .     Spirit   .   r - +3 crown of Dyrovepreva {rElec Int+2 SInv}
rPois    ∞         Reflect  +   Y - amulet of reflection
rElec    +         Harm     .   H - ring of poison resistance
rCorr    .         Rampage  .   I - ring of magical power
Will     ++...                  t - +4 ring of protection
Stlth    ++++++....             A - ring of Tacuck {rN+ AC+4}
HPRegen  0.30/turn              n - +4 ring of evasion
MPRegen  0.29/turn              (no ring)
                                b - ring of willpower
                                O - +6 ring of intelligence

@: statue-form, channeling, very slow
A: slow and powerful, torment resistance 1, boosted hp, almost no armour,
amphibious, 8 rings, camouflage 1, (gelatinous body 1), (nimble swimmer 1),
tentacles, (iridescent scales 1), (shaggy fur 1)
a: End Transformation, Renounce Religion, Channel Magic, Forget Spell, Divine
Exegesis


You were on level 1 of the Depths.
You worshipped Sif Muna.
Sif Muna was extremely pleased with you.
You were a living statue of rough stone.
You visited 6 branches of the dungeon, and saw 26 of its levels.
You visited the Abyss 1 time.
You also visited: Sewer and Gauntlet.

You collected 3323 gold pieces.
You spent 525 gold pieces at shops.

Inventory:

Hand Weapons
 L - the +1 dagger of the Shore (weapon) {elec, Dex+4}
   (You bought it in a shop on level 2 of the Orcish Mines)

   It occasionally discharges a powerful burst of electricity upon striking a
   foe.
   Dex:       It affects your dexterity (+4).
Armour
 a - a +2 buckler (worn)
 r - the +3 crown of Dyrovepreva (worn) {rElec Int+2 SInv}
   (You acquired it on level 2 of the Orcish Mines)

   Int:       It affects your intelligence (+2).
   rElec:     It insulates you from electricity.
   SInv:      It lets you see invisible.
Jewellery
 b - a ring of willpower (on tentacle)
 l - an amulet of the acrobat
 n - a +4 ring of evasion (on tentacle)
 q - a ring of fire
 t - a +4 ring of protection (on tentacle)
 A - the ring of Tacuck (on tentacle) {rN+ AC+4}
   (You found it in a Gauntlet)

   [ring of protection]

   AC:        It affects your AC (+4).
   rN:        It protects you from negative energy.
 H - a ring of poison resistance (left tentacle)
 I - a ring of magical power (right tentacle)
 O - a +6 ring of intelligence (on tentacle)
 R - a +6 ring of strength
 T - a ring of ice
 Y - an amulet of reflection (around mantle)
Wands
 w - a wand of acid (14)
 D - a wand of flame (57)
 M - a wand of iceblast (13)
 N - a wand of charming (8)
 Q - a wand of paralysis (2)
 U - a wand of polymorph (7)
 X - a wand of digging (9)
Scrolls
 e - 5 scrolls of blinking
 f - 3 scrolls of vulnerability
 g - 9 scrolls of teleportation
 i - 4 scrolls of fear
 s - 6 scrolls of magic mapping
 u - 3 scrolls of summoning
 v - 3 scrolls of enchant weapon
 y - 3 scrolls of fog
 C - 2 scrolls of enchant armour
 E - a scroll of torment
 G - 2 scrolls of brand weapon
 J - 3 scrolls of silence
 P - 3 scrolls of holy word
 W - a scroll of immolation
Potions
 c - 5 potions of haste
 d - 5 potions of curing
 h - a potion of lignification
 j - a potion of berserk rage
 m - 6 potions of brilliance
 o - a potion of flight
 p - 5 potions of might
 x - 5 potions of mutation
 z - 2 potions of heal wounds
 B - a potion of invisibility
 F - 2 potions of magic
 K - 12 potions of ambrosia
 S - 3 potions of attraction
 Z - a potion of resistance
Miscellaneous
 k - a phantom mirror


   Skills:
 - Level 4.0 Fighting
 - Level 2.0 Short Blades
 - Level 8.5 Dodging
 - Level 10.0 Stealth
 - Level 7.0 Shields
 + Level 16.5 Spellcasting
 - Level 7.0 Conjurations
 - Level 10.0 Summonings
 + Level 5.8 Necromancy
 + Level 8.5 Transmutations
 - Level 3.0 Fire Magic
 - Level 10.0 Earth Magic
 - Level 6.0 Poison Magic
 - Level 10.0 Invocations
 - Level 2.0 Evocations


You had 2 spell levels left.
You knew the following spells:

 Your Spells              Type           Power      Damage    Failure   Level
a - Sting                 Tmut/Pois      100%       1d8       1%          1
b - Mephitic Cloud        Conj/Pois/Air  51%        N/A       1%          3
c - Haunt                 Necr/Summ      32%        N/A       50%         7
d - Shadow Creatures      Summ           N/A        N/A       4%          6
e - Olgreb's Toxic Radia  Pois           58%        N/A       1%          4
f - Fireball              Conj/Fire      27%        3d12      6%          5
i - Iron Shot             Conj/Erth      34%        9d7       8%          6
p - Petrify               Tmut/Erth      70%        N/A       1%          4
s - Statue Form           Tmut/Erth      46%        N/A       6%          6
u - Dispel Undead         Necr           57%        3d20      1%          4

Your spell library contained the following spells:

 Spells                   Type           Power      Damage    Failure   Level
 Animate Skeleton         Necr           100%       N/A       1%          1
 Apportation              Tloc           50%        N/A       1%          1
 Corona                   Hex            27%        N/A       1%          1
 Foxfire                  Conj/Fire      100%       2x1d9     1%          1
 Summon Small Mammal      Summ           100%       N/A       1%          1
 Corpse Rot               Necr/Air       N/A        N/A       1%          2
 Poisonous Vapours        Pois/Air       88%        N/A       1%          2
 Sublimation of Blood     Necr           28%        N/A       1%          2
 Ensorcelled Hibernation  Hex/Ice        50%        N/A       2%          2
 Call Canine Familiar     Summ           73%        N/A       1%          3
 Conjure Flame            Conj/Fire      54%        6-21      1%          3
 Spider Form              Tmut/Pois      31%        N/A       1%          3
 Animate Dead             Necr           28%        N/A       1%          4
 Blade Hands              Tmut           34%        N/A       1%          5
 Borgnjor's Vile Clutch   Necr/Erth      32%        N/A       1%          5
 Irradiate                Conj/Tmut      32%        3d24      1%          5
 Inner Flame              Hex/Fire       34%        N/A       2%          3
 Leda's Liquefaction      Hex/Erth       27%        N/A       2%          4
 Summon Lightning Spire   Summ/Air       54%        N/A       2%          4
 Alistair's Intoxication  Tmut/Pois      42%        N/A       2%          5
 Iskenderun's Battlesphe  Conj           62%        2d11      2%          5
 Ice Form                 Ice/Tmut       51%        N/A       3%          4
 Bolt of Magma            Conj/Fire/Erth 30%        4d14      3%          5
 Tukima's Dance           Hex            25%        N/A       4%          3
 Hailstorm                Conj/Ice       47%        3d11      4%          4
 Summon Mana Viper        Hex/Summ       54%        N/A       6%          5
 Eringya's Noxious Bog    Tmut/Pois      31%        N/A       13%         6
 Cause Fear               Hex            12%        N/A       17%         4
 Death Channel            Necr           28%        N/A       24%         6
 Monstrous Menagerie      Summ           36%        N/A       24%         7
 Starburst                Conj/Fire      27%        6d9       32%         6
 Dragon Form              Tmut           34%        N/A       38%         7
 Conjure Ball Lightning   Conj/Air       23%        3x3d6     52%         6
 Simulacrum               Ice/Necr       21%        N/A       61%         6
 Orb of Destruction       Conj           31%        9d12      63%         7
 Storm Form               Tmut/Air       25%        N/A       94%         7
 Dispersal                Tloc           12%        N/A       95%         6
 Invisibility             Hex            12%        N/A       95%         6
 Infestation              Necr           28%        N/A       100%        8
 Maxwell's Capacitive Co  Air            12%        ∞         100%        8
 Dragon's Call            Summ           36%        N/A       100%        9


Dungeon Overview and Level Annotations

Branches:
Dungeon (15/15)            Temple (1/1) D:5            Lair (6/6) D:8
  Swamp (0/4) Lair:3       Spider (0/4) Lair:3        Slime (0/5) Lair:5
    Orc (2/2) D:11            Elf (1/3) Orc:2        Vaults (0/5) D:14
 Depths (1/5) D:15          Sewer (visited)         Gauntlet (visited)

Altars:
Ashenzari
Cheibriados
Dithmenos
Elyvilon
Fedhas
Gozag
Hepliaklqana
Kikubaaqudgha
Makhleb
Nemelex Xobeh
Okawaru
Qazlal
Ru
Sif Muna
Trog
Uskayaw
Vehumet
Wu Jian
Xom
Yredelemnul
Zin
The Shining One
Beogh
Jiyva
Lugonu

Shops:
D:4 [*?   D:11 [   Orc:2 ([*:

Portals:
Abyss: Lair:6

Annotations:
D:3 exclusion: downstairs
D:9 exclusion: downstairs
D:12 exclusion: 2 downstairs
D:14 exclusion: downstairs, Roxanne
Lair:4 exclusions: 3 downstairs and upstairs


Innate Abilities, Weirdness & Mutations

You are a living statue of rough stone.
Your actions are slow, but your melee attacks are powerful.
You are resistant to unholy torment.
Your maximum health is greatly increased.
You are immune to poison.
You cannot wear most types of armour.
You are amphibious.
You can wear up to eight rings at the same time.
Your skin changes colour to match your surroundings (Stealth+).
((Your rubbery body absorbs attacks. (AC +1, EV +1)))
((You are camouflaged near water. (Stealth+)))
You have tentacles for arms and can constrict up to eight enemies at once.
((You are partially covered in iridescent scales. (AC +2)))
((You are covered in fur. (AC +1)))


Message History

Unknown command.
Unknown command.
Unknown command.
Casting: Fireball (dangerous; 6% risk of failure)
Confirm with . or Enter, or press ? or * to list all spells.
Aiming: Fireball (dangerous; 6% risk of failure)
Press: ? - help, Shift-Dir - straight line The fireball explodes!
The fireball engulfs the frost giant!
The frost giant is moderately wounded.
You constrict the tengu warrior.
The tengu warrior is no longer petrified.
The frost giant hits you with a +0 battleaxe of freezing!
The frost giant freezes you.
The tengu warrior completely misses you.
The tengu warrior pecks you but does no damage.
You block the tengu warrior's attack. The frost giant barely misses you.
Unknown command.
Unknown command.
Unknown command.
Casting: Fireball (dangerous; 6% risk of failure)
Confirm with . or Enter, or press ? or * to list all spells.
You don't have enough magic to cast this spell.
You constrict the tengu warrior.
You block the tengu warrior's attack. x2
The tengu warrior completely misses you.
The frost giant misses you.
The tengu warrior hits you but does no damage.
The tengu warrior pecks you. You block the tengu warrior's attack.
Casting: Fireball (dangerous; 6% risk of failure)
Confirm with . or Enter, or press ? or * to list all spells.
Aiming: Iron Shot (dangerous; 8% risk of failure)
Press: ? - help, Shift-Dir - straight line, f - tengu warrior
Aim: a tengu warrior, wielding a +0 great sword and wearing a +0 ring mail (almost dead, constricted by you, very poisoned, 98% to hit)
The iron shot hits the tengu warrior!!
You kill the tengu warrior!
Sif Muna accepts your kill.
The frost giant points at you and mumbles some strange words.
The bolt of cold hits you!!! The frost giant casts a spell at you.
The bolt of cold hits you!!!
You die...

#........##..##....#
.........##....##..#
####............##..
#.........^##..#.
#........##....#
#...........#..
###.##.#...#. #
#(.....##....
#.8###...##..
#.C)...... ##
#...#..... #..##
.... #... ... ##.##
## #.# ... #.#


You could see a frost giant.

Vanquished Creatures
  Frances (D:12)
  An orc warlord (Orc:2)
  A frost giant (D:13)
  3 stone giants
  2 very ugly things (D:15)
  A dire elephant (Gauntlet)
  A minotaur (Gauntlet)
  An ettin (Orc:2)
  Josephine (D:10)
  Fannar (D:11)
  5 hydras
  3 vault guards (D:14)
  8 boulder beetles
  Harold (D:9)
  2 ogre magi (D:15)
  7 centaur warriors
  11 two-headed ogres
  An orc high priest (Orc:2)
  5 tengu warriors
  Nergalle (D:12)
  Urug (Lair:2)
  A hell knight (D:13)
  Sonja (Lair:6)
  A swamp dragon (shapeshifter) (D:15)
  4 wizards
  2 bog bodies (Lair:3)
  7 orc knights
  Pikel (D:4)
  A necromancer (D:15)
  3 orc sorcerers
  2 deep elf zephyrmancers (Elf:1)
  2 deep elf pyromancers (Elf:1)
  A manticore (D:12)
  18 ugly things
  A moth of wrath (Gauntlet)
  5 cyclopes
  A nameless horror (Lair:3)
  6 elephants
  6 cane toads
  5 black mambas
  2 centaur skeletons (D:15)
  A cane toad (shapeshifter) (Lair:6)
  Psyche (D:8)
  A rime drake (Lair:6)
  4 kobold demonologists
  An ice devil (Gauntlet)
  A tengu conjurer (D:15)
  A freezing wraith (D:14)
  A komodo dragon (shapeshifter) (D:15)
  6 komodo dragons
  An efreet (D:15)
  An ancient zyme (Lair:6)
  3 jumping spiders (Lair:3)
  A queen bee (Lair:5)
  6 meliai
  5 trolls
  30 blink frogs
  2 polar bears
  A centaur simulacrum (D:15)
  6 spriggans (Lair:4)
  5 redbacks (Lair:3)
  A shadow (D:9)
  The ghost of NineInchNils the Ruffian, an amateur TrMo (D:6)
  7 wraiths (D:10)
  3 ynoxinuls (Lair:6)
  7 wyverns
  74 yaks
  Sigmund (D:3)
  Eustachio (D:6)
  7 basilisks
  A chaos spawn (Lair:6)
  8 humans (D:14)
  4 vampire mosquitoes
  A steam dragon (D:7)
  A warg (Orc:2)
  A large abomination (Lair:6)
  Menkaure (D:6)
  13 water moccasins
  2 black bears
  26 orc warriors
  2 necrophages (D:9)
  8 ogres
  20 wolves
  18 centaurs
  A lemure (D:4)
  12 kobold brigands
  10 small abominations
  13 bullfrogs
  4 gnoll sergeants
  A wyvern zombie (D:6)
  A scorpion (D:5)
  A jelly (D:6)
  35 killer bees
  3 wights (D:9)
  7 howler monkeys
  3 electric eels (D:10)
  7 centaur zombies
  2 bullfrog zombies
  5 hounds
  A bullfrog skeleton (D:5)
  2 quasits (Abyss:1)
  2 gnoll shamans
  12 orc priests
  3 iguanas
  23 orc wizards
  5 hell rats (Lair:4)
  A killer bee zombie (D:7)
  3 mummies (D:9)
  2 howler monkey skeletons
  Robin (D:2)
  15 gnolls
  7 river rats
  21 adders
  A shadow imp (D:6)
  5 white imps
  2 ufetubi
  5 worms
  3 dart slugs
  57 orcs
  26 ball pythons
  10 endoplasms
  11 goblins
  7 hobgoblins
  7 jackals
  25 kobolds
  6 quokkas
  12 bats
  7 frilled lizards
  34 rats
  2 butterflies (D:5)
837 creatures vanquished.

Vanquished Creatures (collateral kills)
  A tentacled starspawn (Abyss:1)
  A sphinx (shapeshifter) (Lair:6)
  3 hydras
  2 thrashing horrors (Lair:6)
  An ugly thing (D:12)
  A smoke demon (Lair:6)
  A spriggan (Lair:6)
  2 nameless horrors (D:13)
  An orc warrior (D:11)
  A black bear (shapeshifter) (D:13)
  3 orcs (D:11)
  A starspawn tentacle (Abyss:1)
18 creatures vanquished.

Vanquished Creatures (others)
  A cane toad (Lair:1)
  A human (D:14)
  51 fungi
  A lurking horror (Abyss:1)
  90 plants
  5 starspawn tentacles (Abyss:1)
  14 withered plants (D:9)
163 creatures vanquished.

Grand Total: 1018 creatures vanquished

Notes
Turn   | Place    | Note
-------+----------+-------------------------------------------
     0 | D:1      | Atelerd the Octopode Venom Mage began the quest for the
                  | Orb.
     0 | D:1      | Reached XP level 1. HP: 11/11 MP: 3/3
   286 | D:1      | Reached XP level 2. HP: 13/17 MP: 0/5
   418 | D:1      | Found a faded altar of an unknown god.
   980 | D:1      | Reached XP level 3. HP: 21/21 MP: 0/6
   984 | D:1      | Learned a level 3 spell: Mephitic Cloud
  1868 | D:2      | Reached XP level 4. HP: 27/27 MP: 2/8
  1945 | D:2      | Noticed Robin
  2391 | D:2      | Killed Robin
  2672 | D:2      | Reached skill level 3 in Spellcasting
  2803 | D:2      | Reached XP level 5. HP: 27/31 MP: 5/9
  3283 | D:2      | Reached skill level 5 in Poison Magic
  3609 | D:3      | Learned a level 4 spell: Olgreb's Toxic Radiance
  3930 | D:3      | Found a broken altar of Ashenzari.
  4210 | D:3      | Noticed Sigmund
  4226 | D:3      | Killed Sigmund
  4227 | D:3      | Reached XP level 6. HP: 35/36 MP: 1/11
  4613 | D:4      | Noticed Pikel
  4655 | D:4      | Found Ciphigon's Antique Armour Shop.
  4817 | D:4      | Found Setanive's General Store.
  5006 | D:4      | Killed Pikel
  5007 | D:4      | Reached skill level 5 in Spellcasting
  5007 | D:4      | Reached skill level 1 in Fighting
  5007 | D:4      | Reached skill level 1 in Short Blades
  5007 | D:4      | Reached XP level 7. HP: 14/43 MP: 5/14
  5758 | D:4      | Found Etuhuoku's Magic Scroll Boutique.
  5776 | D:4      | Reached XP level 8. HP: 48/48 MP: 4/16
  5871 | D:4      | Bought a scroll of identify for 26 gold pieces
  5871 | D:4      | Bought a scroll of noise for 13 gold pieces
  5871 | D:4      | Bought a scroll of fear for 45 gold pieces
  5871 | D:4      | Bought a scroll of magic mapping for 45 gold pieces
  5955 | D:4      | Found a blossoming altar of Fedhas.
  6043 | D:5      | Entered Level 5 of the Dungeon
  6050 | D:5      | Reached skill level 1 in Conjurations
  6345 | D:5      | Found a glowing drain.
  6355 | Sewer    | Entered a sewer
  6897 | Sewer    | Reached skill level 5 in Stealth
  7253 | D:5      | Found a staircase to the Ecumenical Temple.
  7269 | Temple   | Entered the Ecumenical Temple
  7457 | D:5      | Reached skill level 6 in Spellcasting
  7850 | D:5      | Found a glowing silver altar of Zin.
  7850 | D:5      | Noticed an angel
  8821 | D:6      | Reached skill level 7 in Spellcasting
  8821 | D:6      | Reached XP level 9. HP: 48/54 MP: 14/19
  8861 | D:6      | Noticed Eustachio
  8885 | D:6      | Killed Eustachio
  9185 | D:6      | Noticed Menkaure
  9559 | D:7      | Reached skill level 8 in Spellcasting
 10026 | D:7      | Reached skill level 9 in Spellcasting
 10031 | D:7      | Learned a level 4 spell: Dispel Undead
 10376 | D:7      | Found a shadowy altar of Dithmenos.
 10397 | D:7      | Found a burning altar of Makhleb.
 10571 | D:6      | Reached skill level 1 in Necromancy
 10720 | D:6      | Killed Menkaure
 10955 | D:6      | Found a bloodstained altar of Trog.
 11331 | D:6      | Found a runed translucent gate.
 11331 | D:6      | Found a runed translucent gate.
 11331 | D:6      | Found a runed translucent gate.
 11331 | D:6      | Noticed NineInchNils's ghost (amateur TrMo)
 11395 | D:6      | Cast into level 1 of the Abyss (kobold brigand)
 11419 | Abyss:1  | Noticed a smoke demon
 11474 | Abyss:1  | Noticed a hell hog
 11526 | Abyss:1  | Noticed a starcursed mass
 11535 | Abyss:1  | Identified the +7 fustibalus "Impbane" {flame, rF+ Str+4}
 11600 | Abyss:1  | Noticed a blizzard demon
 11693 | Abyss:1  | Noticed a thrashing horror
 11777 | Abyss:1  | Noticed a wretched star
 11852 | Abyss:1  | Noticed a smoke demon
 11894 | Abyss:1  | Noticed a hellwing
 11918 | Abyss:1  | Noticed a starcursed mass
 11933 | Abyss:1  | Noticed an efreet
 12017 | Abyss:1  | Noticed a tentacled starspawn
 12030 | Abyss:1  | Noticed a large abomination
 12119 | Abyss:1  | Noticed a smoke demon
 12219 | Abyss:1  | Noticed a wretched star
 12225 | Abyss:1  | Noticed a tentacled starspawn
 12252 | Abyss:1  | Killed a tentacled starspawn
 12253 | Abyss:1  | Reached skill level 5 in Dodging
 12253 | Abyss:1  | Reached XP level 10. HP: 60/60 MP: 23/23
 12255 | D:6      | Escaped the Abyss
 12265 | D:6      | Killed NineInchNils's ghost
 12609 | D:8      | Found a staircase to the Lair.
 12618 | D:8      | Reached skill level 5 in Necromancy
 12671 | D:8      | HP: 1/60 [orc priest/divine providence (13)]
 12679 | D:8      | Gained mutation: You are partially covered in iridescent
                  | scales. (AC +2) [potion of mutation]
 12679 | D:8      | Gained mutation: You are covered in fur. (AC +1) [potion of
                  | mutation]
 13020 | D:8      | Found a transporter.
 13023 | D:8      | Found a transporter.
 13024 | D:8      | Noticed a boulder beetle
 13151 | D:8      | Noticed Psyche
 13160 | D:8      | Killed Psyche
 13161 | D:8      | Reached skill level 10 in Spellcasting
 13637 | D:8      | Found a white marble altar of Elyvilon.
 13995 | D:8      | Found an ornate altar of the Wu Jian Council.
 14277 | D:8      | Found an ancient bone altar of Kikubaaqudgha.
 14279 | D:8      | Found a shimmering blue altar of Sif Muna.
 14292 | D:8      | Found a radiant altar of Vehumet.
 14573 | D:8      | Became a worshipper of Sif Muna the Loreminder
 14642 | D:9      | Noticed Harold
 14656 | D:9      | Killed Harold
 14657 | D:9      | Reached XP level 11. HP: 63/64 MP: 17/25
 14676 | D:10     | Entered Level 10 of the Dungeon
 15231 | D:9      | Reached * piety under Sif Muna
 15391 | D:9      | Noticed a two-headed ogre
 15409 | D:9      | Killed a two-headed ogre
 15410 | D:9      | Reached skill level 5 in Invocations
 15567 | D:9      | Learned a level 7 spell: Haunt
 15932 | D:9      | Found a basalt altar of Yredelemnul.
 16144 | D:10     | Noticed a two-headed ogre
 16323 | D:10     | Reached skill level 1 in Summonings
 16334 | D:10     | Killed a two-headed ogre
 16889 | D:10     | Reached skill level 10 in Stealth
 16906 | D:10     | Noticed Josephine
 17103 | D:10     | Found an iron altar of Okawaru.
 17276 | D:11     | Found Dymamp's Armour Shop.
 17889 | D:11     | Noticed Fannar
 17936 | D:10     | Reached XP level 12. HP: 31/70 MP: 19/26
 17958 | D:10     | Reached skill level 5 in Summonings
 18163 | D:10     | Killed Josephine
 18163 | D:10     | Reached ** piety under Sif Muna
 18792 | D:11     | Noticed a five-headed hydra
 18803 | D:11     | Killed a five-headed hydra
 19203 | D:11     | Noticed a soul eater
 19552 | D:11     | Found a staircase to the Orcish Mines.
 19621 | D:11     | Killed Fannar
 19869 | D:11     | Learned a level 5 spell: Iskenderun's Battlesphere
 20023 | Lair:1   | Entered Level 1 of the Lair of Beasts
 20849 | Orc:1    | Entered Level 1 of the Orcish Mines
 21350 | Orc:2    | Entered Level 2 of the Orcish Mines
 21357 | Orc:2    | Noticed a boulder beetle
 21360 | Orc:2    | Reached skill level 5 in Conjurations
 21378 | Orc:2    | Killed a boulder beetle
 21379 | Orc:2    | Reached skill level 10 in Invocations
 21418 | Orc:2    | Noticed an orc high priest
 21494 | Orc:2    | Found a gate leading to a gauntlet.
 21522 | Gauntlet | Entered a Gauntlet
 21522 | Gauntlet | Found a transporter.
 21522 | Gauntlet | Found a transporter.
 21524 | Gauntlet | Found a transporter.
 21524 | Gauntlet | Found a transporter.
 21528 | Gauntlet | Found a transporter.
 21528 | Gauntlet | Found a transporter.
 21562 | Gauntlet | Found a transporter.
 21565 | Gauntlet | Found a transporter.
 21573 | Gauntlet | Found a transporter.
 21573 | Gauntlet | Noticed a dire elephant
 21586 | Gauntlet | Found a runed translucent door.
 21590 | Gauntlet | Found a transporter.
 21668 | Gauntlet | Found a transporter.
 21671 | Gauntlet | Found a transporter.
 21844 | Gauntlet | Identified the ring of Tacuck {rN+ AC+4}
 22237 | Gauntlet | Killed a dire elephant
 22238 | Gauntlet | Reached skill level 11 in Spellcasting
 22238 | Gauntlet | Reached XP level 13. HP: 27/74 MP: 26/28
 22466 | Gauntlet | Identified the +8 mace of the Shining Light {holy, *Slow
                  | +Rage MP+9}
 22466 | Gauntlet | Noticed a minotaur
 22484 | Gauntlet | Killed a minotaur
 22595 | Orc:2    | Reached *** piety under Sif Muna
 23502 | Orc:2    | Noticed an orc warlord
 23605 | Orc:2    | Killed an orc warlord
 23606 | Orc:2    | Reached skill level 12 in Spellcasting
 23949 | Orc:2    | Found a staircase to the Elven Halls.
 24035 | Orc:2    | Noticed an ettin
 24090 | Orc:2    | Killed an ettin
 24632 | Orc:2    | Found Ykloko's General Store.
 24845 | Orc:2    | Found Zuwkoph's Book Emporium.
 24859 | Orc:2    | Bought a scroll of amnesia for 38 gold pieces
 24933 | Orc:2    | Found Ziosmun's Antique Weapon Emporium.
 24939 | Orc:2    | Bought a warped dagger for 210 gold pieces
 24939 | Orc:2    | Identified the +1 dagger of the Shore {elec, Dex+4} (You
                  | bought it in a shop on level 2 of the Orcish Mines)
 24962 | Orc:2    | Found Plog's Antique Armour Emporium.
 25122 | Orc:2    | Upgraded the game from 0.27.1-1-g398f81649c to
                  | 0.27.1-2-g3b301248ec
 25129 | Orc:2    | Learned a level 6 spell: Shadow Creatures
 25135 | Orc:2    | Learned a level 5 spell: Fireball
 25360 | Lair:1   | Reached skill level 1 in Evocations
 26654 | Lair:2   | Reached skill level 1 in Shields
 27415 | Lair:2   | Reached **** piety under Sif Muna
 27537 | Lair:2   | Learned a level 2 spell: Ensorcelled Hibernation
 27575 | Lair:3   | Found a hole to the Spider Nest.
 27589 | Lair:3   | Reached skill level 13 in Spellcasting
 27748 | Lair:3   | Reached skill level 1 in Fire Magic
 27748 | Lair:3   | Reached XP level 14. HP: 73/81 MP: 12/31
 29071 | Lair:3   | Found a staircase to the Swamp.
 29085 | Lair:3   | Reached skill level 14 in Spellcasting
 29095 | Lair:3   | HP: 7/181 [bog body (26)]
 30204 | Lair:3   | Reached skill level 15 in Spellcasting
 30841 | Lair:3   | Identified the +0 ring mail of the Pit {rF+ rN+ Dex-3}
 31767 | Lair:4   | Reached ***** piety under Sif Muna
 31958 | Lair:2   | Reached skill level 16 in Spellcasting
 31997 | Lair:2   | Noticed Urug
 32021 | Lair:2   | Killed Urug
 32700 | Orc:2    | Bought 3 scrolls of magic mapping for 115 gold pieces
 32700 | Orc:2    | Bought a scroll of teleportation for 33 gold pieces
 32700 | Orc:2    | Identified 3 scrolls of acquirement
 32700 | Orc:2    | Acquired the +3 crown of Dyrovepreva {rElec Int+2 SInv}
 32700 | Orc:2    | Found the +3 crown of Dyrovepreva {rElec Int+2 SInv}
 32707 | Orc:2    | Acquired 987 gold pieces
 32709 | Orc:2    | Acquired a +4 ring of protection
 32733 | Elf:1    | Entered Level 1 of the Elven Halls
 33609 | Lair:5   | Found a staircase to the Slime Pits.
 33610 | Lair:5   | Found a viscous altar of Jiyva.
 33744 | Lair:5   | Learned a level 6 spell: Statue Form
 33780 | Lair:5   | Received a gift from Sif Muna
 33781 | Lair:5   | Got Sif Muna's Volume of Lethal Companions {god gift}
 33962 | Lair:5   | Reached skill level 1 in Earth Magic
 34524 | Lair:6   | Entered Level 6 of the Lair of Beasts
 34783 | Lair:6   | Noticed Sonja
 34790 | Lair:6   | Killed Sonja
 34968 | Lair:6   | Reached XP level 15. HP: 82/85 MP: 25/35
 35783 | Lair:6   | Reached skill level 5 in Earth Magic
 36092 | Lair:6   | Noticed a sphinx
 36096 | Lair:6   | Killed a sphinx
 36509 | Lair:6   | Identified the ring of Jabelea {rF- MP+9 Str+5}
 36513 | Lair:6   | Reached skill level 5 in Shields
 36652 | Lair:6   | Found a corrupted altar of Lugonu.
 36652 | Lair:6   | Found a one-way gate to the infinite horrors of the Abyss.
 37011 | D:8      | Reached skill level 5 in Transmutations
 37830 | D:12     | Noticed Frances
 37839 | D:12     | Killed Frances
 38004 | D:12     | Noticed Nergalle
 38023 | D:12     | Killed Nergalle
 38546 | D:12     | Received a gift from Sif Muna
 38690 | D:13     | Noticed a frost giant
 39297 | D:13     | Learned a level 4 spell: Petrify
 39401 | D:13     | HP: 2/90 [frost giant (12)]
 39402 | D:13     | Killed a frost giant
 40141 | D:13     | Reached skill level 10 in Summonings
 40863 | D:14     | Found a shadowy altar of Dithmenos.
 41362 | D:14     | Identified Roxanne's Guide on Moulding
 41362 | D:14     | Noticed Roxanne
 41395 | D:14     | Reached XP level 16. HP: 95/95 MP: 22/36
 42102 | D:14     | Found a gate to the Vaults.
 42208 | D:15     | Entered Level 15 of the Dungeon
 42791 | D:15     | Found a staircase to the Depths.
 42959 | D:15     | Received a gift from Sif Muna
 42960 | D:15     | Got Sif Muna's Sophisticated Witchery {god gift}
 42969 | D:15     | Learned a level 6 spell: Iron Shot
 43143 | D:15     | Reached skill level 10 in Earth Magic
 43653 | D:15     | Found a snail-covered altar of Cheibriados.
 43811 | Depths:1 | Entered Level 1 of the Depths
 44167 | Depths:1 | Killed from afar by a frost giant

Illustrated notes

Levels and vault maps discovered:
D:1:      wander_arrival_peaceful_grave, layout_loops_ring,
          ebering_ecumenical_altar_mist, nrook_mini_backslash
D:2:      layout_loops_ring, st_stairs_10, amcnicky_mini_rare_corridor_liquid,
          uniq_robin
D:3:      layout_basic, nicolae_ashenzari_skybound, uniq_sigmund
D:4:      layout_rooms, fedhas_altar_3, serial_shops, nicolae_shop_statue_plus,
          shop_statue, shop, uniq_pikel
D:5:      layout_loops_ring, zin_angel, minmay_temple_entry_butterflies,
          lightli_sewer_entry_pipes, lexackson_kobold_supper
D:6:      layout_basic, bloody_trog, gammafunk_ghost_nasty_kobolds,
          uniq_menkaure, uniq_eustachio
D:7:      layout_cave_pools, mainiacjoe_overflow_large_starburst,
          minmay_misc_feat_iff, corexii_item_surrounded_by_moat
D:8:      gammafunk_boulding_lane, layout_basic, palyth_temple_overflow_mages,
          mainiacjoe_overflow_24_doors, nicolae_wu_jian_glorious_leap,
          david_lair_generic, uniq_psyche
D:9:      layout_loops_ring, mainiacjoe_overflow_catwalk, serial_undead,
          serial_undead_f, serial_undead_c, serial_undead_a, serial_undead_b,
          minmay_circle_x, uniq_harold
D:10:     layout_basic, okawaru_gym_becter, st_stairs_9, uniq_josephine
D:11:     layout_basic, orc_0_dummy, serial_shops, shop, uniq_fannar
D:12:     layout_rooms, kennysheep_generic_room_12, uniq_frances, uniq_nergalle
D:13:     minmay_textured_paths, layout_stronghold
D:14:     layout_roguey, ximxim_vaults_locker_room,
          nicolae_dithmenos_the_darkroom, hangedman_abyss_or_decor_slice,
          minmay_microvault, uniq_roxanne
D:15:     grunt_enter_depths_magical_seal, layout_cave_pods,
          cheibriados_altar_1, grunt_ministairs_4
Temple:   nicolae_temple_figure_zero
Lair:1:   layout_roguey
Lair:2:   layout_regular_city, minivault_11, roderic_batcave, uniq_urug
Lair:3:   layout_gridlike, skrybe_swamp_entry_bodies,
          nicolae_spider_entry_tight_spaces
Lair:4:   layout_regular_city, wad_woods_01
Lair:5:   layout_hall_layers, slime_altar_1, special_room [special_room_bee]
Lair:6:   hellmonk_lair_end_abyssal_woods, layout_gridlike,
          serial_bayou_shore_b, uniq_sonja
Orc:1:    layout_diamond_mine, serial_shops, shop
Orc:2:    grunt_orc_cross, layout_diamond_mine, gauntlet_entry_generic,
          rock_pile
Elf:1:    eino_elf_arrival_shootout, layout_loops_corners, evilmike_minifort
Depths:1: minmay_the_grid_square_5x5_4x4 [minmay_the_grid_square_5x5_c,
          minmay_the_grid_square_5x5_gyroscope,
          minmay_the_grid_square_5x5_inner_i,
          minmay_the_grid_square_5x5_moneybag,
          minmay_the_grid_square_5x5_longway,
          minmay_the_grid_square_5x5_prize_snowflake,
          minmay_the_grid_square_5x5_prize_waves,
          minmay_the_grid_square_5x5_half_checkered,
          minmay_the_grid_square_5x5_one_wall,
          minmay_the_grid_square_5x5_prize_pseudospiral,
          minmay_the_grid_square_5x5_prize_itemx,
          minmay_the_grid_square_5x5_two_small,
          minmay_the_grid_square_5x5_fancy_junction,
          minmay_the_grid_square_5x5_two, minmay_the_grid_square_5x5_three,
          minmay_the_grid_square_5x5_comb], layout_basic,
          minmay_misc_feat_enclosed, hell_entry, serial_sigils_hangedman_clutch,
          serial_sigils_hangedman_gut, nicolae_hepliaklqana_hippocampus,
          serial_bayou_shore_b, uniq_aizul, uniq_sojobo

Skill      XL: |  1  2  3  4  5  6  7  8  9 10 11 12 13 14 15 16 |
---------------+-------------------------------------------------+-----
Poison Magic   | 4 5 6 |  6.0
Transmutations | 2 3 4 6 8 |  8.5
Spellcasting   | 3 5 7 9 10 11 13 16 | 16.5
Fighting       | 1 2 4 |  4.0
Short Blades   | 1 2 |  2.0
Stealth        | 3 5 8 10 | 10.0
Conjurations   | 2 5 7 |  7.0
Dodging        | 4 5 6 7 8 |  8.5
Necromancy     | 3 5 |  5.8
Invocations    | 2 8 10 | 10.0
Summonings     | 4 6 7 8 10 | 10.0
Evocations     | 2 |  2.0
Shields        | 4 6 7 |  7.0
Fire Magic     | 1 3 |  3.0
Earth Magic    | 4 6 10 | 10.0

Action                   |  1- 3 |  4- 6 |  7- 9 | 10-12 | 13-15 | 16-18 || total
-------------------------+-------+-------+-------+-------+-------+-------++-------
Melee: Unarmed           |    10 |       |       |       |       |       ||    10
       Constrict         |     9 |    13 |    23 |     9 |    33 |    16 ||   103
       Short sword       |    26 |    38 |    88 |     4 |       |       ||   156
       Tentacles         |     4 |     6 |    26 |    10 |    46 |    14 ||   106
       Dagger            |       |       |       |    53 |   222 |    71 ||   346
 Cast: Sting             |    45 |    94 |   179 |   241 |   335 |    23 ||   917
       Mephitic Cloud    |       |     1 |     4 |    50 |    84 |    12 ||   151
       Olgreb's Toxic Ra |       |       |    39 |   107 |   302 |    54 ||   502
       Dispel Undead     |       |       |     2 |    36 |    13 |     8 ||    59
       Iskenderun's Batt |       |       |       |     3 |     3 |       ||     6
       Fireball          |       |       |       |       |   105 |    19 ||   124
       Shadow Creatures  |       |       |       |       |    21 |       ||    21
       Ensorcelled Hiber |       |       |       |       |     2 |       ||     2
       Petrify           |       |       |       |       |    19 |    16 ||    35
       Statue Form       |       |       |       |       |       |     8 ||     8
       Iron Shot         |       |       |       |       |       |     7 ||     7
Invok: Channel Magic     |       |       |       |     3 |     6 |     4 ||    13
       Forget Spell      |       |       |       |       |     1 |       ||     1
Evoke: Wand              |       |       |    20 |    15 |    29 |       ||    64
       Phantom mirror    |       |       |       |       |     2 |       ||     2
  Use: Scroll            |       |       |    11 |     4 |    19 |     2 ||    36
       Potion            |       |       |     3 |    13 |     8 |       ||    24
 Stab: Sleeping          |     4 |     2 |     3 |     3 |    13 |     3 ||    28
       Distracted        |       |       |       |     1 |     3 |       ||     4
       Confused          |       |       |       |     2 |    10 |     1 ||    13
       Paralysed         |       |       |       |       |     2 |       ||     2
       Petrified         |       |       |       |       |    21 |    24 ||    45
       Petrifying        |       |       |       |       |     2 |       ||     2
Armor: Skin              |     6 |     6 |    42 |    80 |    99 |    47 ||   280
Dodge: Dodged            |    43 |    74 |   219 |   241 |   466 |   105 ||  1148
Block: Buckler           |       |       |       |       |   284 |   110 ||   394
       Reflection        |       |       |       |       |    15 |     9 ||    24
